AoeStats
← WDDR

Arabia

509676042Analyzed
1v1 RM · 4d ago on Sep 27, 2026· 17m 20s· 2 players
Game mode
Random Map
Map size
Tiny (2 player)
Population
200
Speed
Normal
Resources
Standard
Victory
Conquest
Starting age
Dark Age
Ending age
Imperial Age
RankedLock teamsTeams togetherTeam positionsShared explorationLock speedFull tech treeHidden civsTurbo modeCheats
Victory
Defeat
🇳🇿 Japanese · New Zealand
1422
+14
🇨🇳 Hindustanis · China
1375
-14
WDDR
6:20 Loom
6:51 Loom
9:19 Feudal Age
14:45 Double-Bit Axe
14:42 Horse Collar
15:35 Horse Collar
illuminati2045
5:49 Loom
8:43 Feudal Age
8:52 Man-at-Arms
11:17 Double-Bit Axe
14:08 Fletching
16:32 Padded Archer Armor
18:33 Wheelbarrow
Connection lost

Rejoining the realm…

Still unreachable

The connection could not be restored.

Session expired

The server has moved on; the page needs a fresh start.